 Dungeon Crawl Stone Soup version 0.19.1-1-g22dce08 (webtiles) character file.

203 Xanbar the Grave Robber (level 5, -5/39 HPs)
             Began as a Hill Orc Necromancer on Dec 28, 2016.
             Slain by bombpersons's ghost (8 damage)
             ... on level 4 of the Dungeon.
             The game lasted 00:40:10 (4695 turns).

Xanbar the Grave Robber (Hill Orc Necromancer)      Turns: 4695, Time: 00:40:11

Health: -5/39      AC: 12    Str: 11    XL:     5   Next: 81%
Magic:  6/9        EV: 10    Int: 16    God:
Gold:   123        SH:  6    Dex: 11    Spells: 4 memorised, 1 level left

rFire  . . .     SeeInvis .     e - +0 mace (curse)
rCold  . . .     Gourm    .     i - +0 ring mail
rNeg   . . .     Faith    .     (no shield)
rPois  .         Spirit   .     x - +2 helmet
rElec  .         Reflect  +     t - +1 cloak
rCorr  .         Harm     .     (no gloves)
MR     .....                    n - +1 pair of boots
Stlth  +.........               p - +6 amulet of reflection
                                (no ring)
                                (no ring)

@: very slightly contaminated
A: no striking features
a: no special abilities


You were on level 4 of the Dungeon.
You were hungry.

You visited 1 branch of the dungeon, and saw 4 of its levels.

You collected 123 gold pieces.

Inventory:

Hand Weapons
 a - a +0 whip
 e - a cursed +0 mace (weapon)
 o - a +0 hunting sling
 v - a +0 hunting sling
Missiles
 g - 81 stones (quivered)
 k - 2 throwing nets
 l - 7 arrows
 m - 43 bolts
 r - 15 poisoned needles
Armour
 d - a +0 robe
 f - a +0 leather armour
 i - a +0 ring mail (worn)
 n - a +1 pair of boots (worn)
 q - a +1 helmet
 t - a +1 cloak (worn)
 x - a +2 helmet (worn)
 y - a +0 pair of gloves
Jewellery
 p - a +6 amulet of reflection (around neck)
Scrolls
 h - 2 scrolls of amnesia
 j - 3 scrolls of identify
 w - a scroll of recharging {unknown}
Potions
 u - a potion of brilliance
 z - a potion of haste
Books
 b - a book of Necromancy

   Spells                             Type                      Level
   a - Pain                           Necromancy                   1
   b - Animate Skeleton               Necromancy                   1
   c - Vampiric Draining              Necromancy                   3
   d - Regeneration                   Charms/Necromancy            3
   e - Animate Dead                   Necromancy                   4
   f - Control Undead                 Necromancy                   4
Comestibles
 c - 3 bread rations
 s - a beef jerky


   Skills:
 + Level 0.8 Fighting
 + Level 0.4 Maces & Flails
 + Level 1.4 Armour
 + Level 2.1 Dodging
 + Level 1.6 Stealth
 + Level 2.8 Spellcasting
 + Level 5.3 Necromancy


You had one spell level left.
You knew the following spells:

 Your Spells              Type           Power        Failure   Level  Hunger
a - Pain                  Necr           ###.         6%          1    #......
b - Animate Skeleton      Necr           N/A          6%          1    #......
c - Vampiric Draining     Necr           ###.......   17%         3    ###....
d - Regeneration          Chrm/Necr      ##........   54%         3    ###....


Dungeon Overview and Level Annotations

Branches:
Dungeon (4/15)
 Temple: D:4-7

Altars:
Trog

Annotations:
D:4 Dowan; Duvessa; bombpersons's ghost, amateur HuWn


Message History

Your hound skeleton barely misses bombpersons's ghost.
You block bombpersons's ghost's attack.
Your hound skeleton bites bombpersons's ghost but does no damage.
You miss bombpersons's ghost.
Bombpersons's ghost is severely damaged.
Bombpersons's ghost hits you!
* * * LOW HITPOINT WARNING * * *
Your hound skeleton misses bombpersons's ghost.
Bombpersons's ghost hits you!
* * * LOW HITPOINT WARNING * * *
There isn't anything here!
Casting: Vampiric Draining
Confirm with . or Enter, or press ? or * to list all spells.
Okay, then.
Casting: Vampiric Draining
Confirm with . or Enter, or press ? or * to list all spells.
You miscast Regeneration.
You feel a strange surge of energy!
Your hound skeleton barely misses bombpersons's ghost.
Bombpersons's ghost hits you!
You die...

.....>..# .......## # #
....... # ..# ..... # ....
... .########## #... #.#
.........# ###...###.#
#.......#
.........Z########.......#
#####.....W@.....#.......###
###...######............
#...# ###...[.....% #....
#.......#.# #.##.#
######.##.# #.# .. #!.##..
... ... #..##### ... #...
...# # .... #


You could see bombpersons's ghost and a friendly hound skeleton.

Vanquished Creatures
  A hound (D:4)
  6 adders
  An ooze (D:2)
  A worm (D:2)
  2 dart slugs
  2 leopard geckos
  An orc (D:3)
  A ball python (D:3)
  15 giant cockroaches
  8 goblins
  10 hobgoblins
  5 jackals
  11 kobolds
  10 bats
  3 frilled lizards
  8 rats
85 creatures vanquished.

Vanquished Creatures (collateral kills)
  Robin (D:3)
  An adder (D:2)
  A goblin (D:3)
  A frilled lizard (D:2)
4 creatures vanquished.

Vanquished Creatures (others)
  2 goblins (D:3)
2 creatures vanquished.

Grand Total: 91 creatures vanquished

Notes
Turn   | Place    | Note
-------+----------+-------------------------------------------
     0 | D:1      | Xanbar the Hill Orc Necromancer began the quest for the Orb.
     0 | D:1      | Reached XP level 1. HP: 14/14 MP: 3/3
     2 | D:1      | Learned a level 1 spell: Animate Skeleton
   637 | D:1      | Reached XP level 2. HP: 20/20 MP: 2/4
  1145 | D:1      | Learned a level 1 spell: Animate Skeleton
  1339 | D:1      | Reached XP level 3. HP: 25/26 MP: 2/5
  1617 | D:1      | Learned a level 3 spell: Vampiric Draining
  1903 | D:2      | Found a bloodstained altar of Trog.
  2337 | D:2      | Reached XP level 4. HP: 31/34 MP: 2/7
  3014 | D:3      | HP: 1/34 [poisoned by an adder]
  3444 | D:3      | Reached skill level 1 in Armour
  3526 | D:3      | Learned a level 3 spell: Regeneration
  3644 | D:3      | Reached XP level 5. HP: 36/39 MP: 2/8
  3963 | D:3      | Reached skill level 5 in Necromancy
  4218 | D:3      | Noticed Robin
  4229 | D:3      | Killed Robin
  4380 | D:4      | Noticed Duvessa
  4380 | D:4      | Noticed Dowan
  4418 | D:4      | Noticed a phantom
  4418 | D:4      | Noticed bombpersons's ghost (amateur HuWn)
  4695 | D:4      | Slain by bombpersons's ghost

Skill      XL: |  1  2  3  4  5 |
---------------+----------------+-----
Spellcasting   | 2 |  2.8
Armour         | 1 |  1.4
Necromancy     | 5 |  5.3
Dodging        | 2 |  2.1
Fighting       | |  0.8
Maces & Flails | |  0.4
Stealth        | |  1.6

Action                   |  1- 3 |  4- 6 || total
-------------------------+-------+-------++-------
Melee: Mace              |    51 |    77 ||   128
Throw: Stone             |     4 |     4 ||     8
 Cast: Pain              |    53 |    74 ||   127
       Animate Skeleton  |    15 |    12 ||    27
       Vampiric Draining |       |     3 ||     3
  Use: Scroll            |     2 |     3 ||     5
       Potion            |     1 |     4 ||     5
  Eat: Chunk             |     6 |     8 ||    14
Armor: Robe              |    18 |       ||    18
       Ring mail         |    13 |    76 ||    89
Dodge: Dodged            |    64 |    70 ||   134
Block: Other             |       |    32 ||    32
       Reflection        |       |     2 ||     2
